 Dungeon Crawl Stone Soup version 0.19.3-4-gbf9329e (console) character file.

6228 Kloppie the Protected (level 11, 0/87 HPs)
             Began as a Formicid Fighter on Jan 28, 2017.
             Was an Elder of Yredelemnul.
             Slain by Blank's ghost (6 damage)
             ... on level 9 of the Dungeon.
             The game lasted 00:14:08 (8749 turns).

Kloppie the Protected (Formicid Fighter)            Turns: 8749, Time: 00:14:09

Health: 0/87       AC: 16    Str: 20    XL:     11   Next: 14%
Magic:  19/20      EV: 12    Int:  9    God:    Yredelemnul [****..]
Gold:   166        SH: 12    Dex: 18    Spells: 0 memorised, 10 levels left

rFire  . . .     SeeInvis +     a - +2 war axe
rCold  + + .     Gourm    .     s - +2 chain mail {rPois}
rNeg   . . .     Faith    .     c - +0 shield
rPois  +         Spirit   .     (helmet unavailable)
rElec  .         Reflect  .     g - +2 cloak
rCorr  .         Harm     .     (no gloves)
MR     +....                    (no boots)
Stlth  ..........               (no amulet)
                                p - ring of protection from cold
                                z - ring of magical power

@: agile, drained
A: permanent stasis, dig shafts and tunnels, four strong arms, antennae 3, cold
resistance 1, sense surroundings 1, regeneration 1, no device heal 1
a: Dig, Shaft Self, Recall Undead Slaves, Injury Mirror, Animate Dead, Drain
Life, Renounce Religion


You were on level 9 of the Dungeon.
You worshipped Yredelemnul.
Yredelemnul was greatly pleased with you.
You were not hungry.

You visited 2 branches of the dungeon, and saw 10 of its levels.
You also visited: Ossuary.

You collected 388 gold pieces.
You spent 222 gold pieces at shops.

Inventory:

Hand Weapons
 a - a +2 war axe (weapon)
Armour
 c - a +0 shield (worn)
 g - a +2 cloak (worn)
 s - a +2 chain mail of poison resistance (worn)
Jewellery
 p - a ring of protection from cold (right hand)
 z - a ring of magical power (left hand)
Wands
 b - a wand of lightning (9/15)
 d - a wand of slowing (7/48)
 m - a wand of flame (22/48)
 o - a wand of flame (15/48)
Scrolls
 e - 3 scrolls of identify
 i - 6 scrolls of remove curse
 r - 3 scrolls of enchant armour
 v - a scroll of enchant weapon
 y - 4 scrolls of magic mapping
Potions
 h - a potion of magic
 j - 6 potions of curing
 l - a potion of ambrosia
 n - 2 potions of heal wounds
 u - 2 potions of cancellation
 w - 4 potions of agility
Books
 t - a book of Conjurations

   Spells                             Type                      Level
   a - Magic Dart                     Conjuration                  1
   b - Searing Ray                    Conjuration                  2
   c - Dazzling Spray                 Conjuration/Hexes            3
   d - Fulminant Prism                Conjuration/Hexes            4
   e - Iskenderun's Mystic Blast      Conjuration                  4
   f - Iskenderun's Battlesphere      Conjuration/Charms           5
Comestibles
 f - 7 bread rations
 k - 9 chunks of flesh
 q - 8 fruits
 x - 2 beef jerkies
 A - 7 slices of pizza
 B - 4 meat rations


   Skills:
 * Level 8.9(7.9) Fighting
 + Level 9.3(8.2) Axes
 - Level 9.7(8.6) Armour
 - Level 9.6(8.5) Shields


You had 10 spell levels left.
You didn't know any spells.

Dungeon Overview and Level Annotations

Branches:
Dungeon (9/15)             Temple (1/1) D:4            Lair (0/6) D:9
    Orc: D:9-12

Altars:
Ashenzari
Cheibriados
Dithmenos
Elyvilon
Fedhas
Gozag
Hepliaklqana
Kikubaaqudgha
Makhleb
Nemelex Xobeh
Okawaru
Qazlal
Ru
Sif Muna
Trog
Uskayaw
Vehumet
Xom
Yredelemnul
Zin
The Shining One

Shops:
D:7 [

Annotations:
D:9 Blank's ghost, novice MiGl


Innate Abilities, Weirdness & Mutations

You are under a permanent stasis effect.
You can dig through walls and to a lower floor.
Your four strong arms can wield two-handed weapons with a shield.
You have a pair of large antennae on your head. (SInv)
Your flesh is cold resistant. (rC+)
You passively map a small area around you.
Your natural rate of healing is unusually fast.
Potions and wands are less effective at restoring your health.


Message History

Blank's ghost is severely damaged.
You block Blank's ghost's attack.
Your chain mail prevents you from hitting Blank's ghost.
Blank's ghost is severely damaged.
Blank's ghost hits you!
* * * LOW HITPOINT WARNING * * *
x2 You slash Blank's ghost!
Blank's ghost is almost destroyed.
You block Blank's ghost's attack.
Your system partially rejects the healing.
You feel much better. Blank's ghost hits you!
* * * LOW HITPOINT WARNING * * *
You feel drained.
* * * LOW HITPOINT WARNING * * *
You feel agile all of a sudden. Blank's ghost hits you!
* * * LOW HITPOINT WARNING * * *
Blank's ghost burns you.
You die...
Your body rises from the dead as a mindless zombie.

*#. ##....# *..#* ,
#.# ##..#..# #.. * , *
#..##†.###.# #....##
#.# #...## #.#
#####..## .## * , ,
.........#####..####.
,
,#####..#...##........
, #.(###...@W......
#.. ##.######... , *
#.. #.# * #.. ..#* *
*#.. *.... ,, , *
..##. , , , ... ## *
*##.. * , , *


You could see Blank's ghost.

Vanquished Creatures
  A troll (D:8)
  A hippogriff (D:8)
  Sigmund (D:3)
  A yak (D:7)
  A human (D:7)
  The ghost of Blank the Twirler, an amateur MiGl (D:3)
  3 hogs (D:7)
  Duvessa (D:4)
  A black bear (D:8)
  A hornet zombie (D:8)
  4 orc warriors
  4 ice beasts
  A sky beast (D:9)
  2 wolves (D:9)
  3 centaurs
  5 ogres
  5 bullfrogs
  Dowan (D:4)
  7 water moccasin zombies (Ossuary)
  3 scorpions
  A water moccasin skeleton (D:5)
  5 killer bees (D:7)
  The ghost of Blank the Twirler, a weakling MiGl (D:6)
  A howler monkey (D:9)
  An electric eel (D:9)
  2 crimson imps
  A bullfrog zombie (D:8)
  A centaur zombie (D:7)
  2 quasits
  6 hounds
  7 orc priests
  2 jellies
  Crazy Yiuf (D:4)
  5 orc wizards
  A gnoll shaman (D:7)
  An iguana (D:7)
  Ijyb (D:3)
  6 worker ants
  3 big kobold zombies (Ossuary)
  A hound skeleton (D:8)
  2 mummies (Ossuary)
  Robin (D:4)
  18 gnolls
  2 howler monkey skeletons
  A worker ant zombie (D:5)
  11 adders
  3 shadow imps
  5 adder zombies (Ossuary)
  An adder skeleton (D:6)
  A worm (D:6)
  2 dart slugs
  6 leopard geckos
  28 orcs
  A ball python (D:4)
  6 giant cockroaches
  9 hobgoblins
  6 jackals
  10 kobolds
  2 quokkas (D:6)
  8 bats
  6 frilled lizards
  A gnoll zombie (Ossuary)
  13 goblins
  2 hobgoblin zombies (Ossuary)
  A jackal skeleton (D:8)
  9 kobold zombies (Ossuary)
  2 orc zombies (Ossuary)
  8 rats
261 creatures vanquished.

Vanquished Creatures (others)
  A jackal (D:9)
1 creature vanquished.

Grand Total: 262 creatures vanquished

Notes
Turn   | Place    | Note
-------+----------+-------------------------------------------
     0 | D:1      | Kloppie the Formicid Fighter began the quest for the Orb.
     0 | D:1      | Reached XP level 1. HP: 18/18 MP: 1/1
    38 | D:1      | Reached XP level 2. HP: 22/24 MP: 2/2
   287 | D:1      | Reached XP level 3. HP: 30/30 MP: 3/3
   426 | D:2      | Found an ancient bone altar of Kikubaaqudgha.
   562 | D:2      | Found a shattered altar of Ashenzari.
   569 | D:2      | Found a snail-covered altar of Cheibriados.
   647 | D:2      | Found an iron altar of Okawaru.
   881 | D:2      | Reached XP level 4. HP: 34/38 MP: 4/4
   909 | D:2      | Reached skill level 5 in Fighting
  1094 | D:3      | Noticed Blank's ghost (amateur MiGl)
  1282 | D:2      | Reached XP level 5. HP: 35/44 MP: 5/5
  1353 | D:3      | Killed Blank's ghost
  1353 | D:3      | Reached XP level 6. HP: 37/53 MP: 6/6
  1431 | D:3      | Found a glowing golden altar of the Shining One.
  1459 | D:3      | Found a shimmering altar of Xom.
  1528 | D:3      | Noticed Sigmund
  1565 | D:3      | Killed Sigmund
  1565 | D:3      | Reached XP level 7. HP: 23/60 MP: 7/7
  1939 | D:3      | Noticed Ijyb
  1956 | D:3      | Killed Ijyb
  2544 | D:4      | Noticed Robin
  2960 | D:4      | Killed Robin
  3153 | D:4      | Noticed Duvessa
  3154 | D:4      | Noticed Dowan
  3157 | D:4      | Killed Duvessa
  3157 | D:4      | Reached skill level 5 in Shields
  3157 | D:4      | Reached XP level 8. HP: 66/68 MP: 8/8
  3168 | D:4      | Killed Dowan
  3356 | D:4      | Found a runed door.
  3402 | D:4      | Reached skill level 5 in Axes
  3648 | D:4      | Found a staircase to the Ecumenical Temple.
  3656 | Temple   | Entered the Ecumenical Temple
  3728 | Temple   | Became a worshipper of Yredelemnul the Dark
  4001 | D:4      | Noticed Crazy Yiuf
  4010 | D:4      | Killed Crazy Yiuf
  4056 | D:5      | Entered Level 5 of the Dungeon
  4270 | D:5      | Reached XP level 9. HP: 50/74 MP: 9/9
  4498 | D:5      | Found a sand-covered staircase.
  4547 | Ossuary  | Entered an ossuary
  4617 | Ossuary  | Reached * piety under Yredelemnul
  5322 | D:5      | Found a sacrificial altar of Ru.
  5455 | D:6      | Found a shattered altar of Ashenzari.
  5595 | D:6      | Reached ** piety under Yredelemnul
  5602 | D:6      | Reached skill level 5 in Armour
  5624 | D:6      | Noticed Blank's ghost (weakling MiGl)
  5859 | D:6      | Killed Blank's ghost
  6232 | D:6      | Gained mutation: Your flesh is cold resistant. (rC+) [potion of mutation]
  6232 | D:6      | Gained mutation: Your natural rate of healing is unusually fast. [potion of mutation]
  6232 | D:6      | Gained mutation: Potions and wands are less effective at restoring your health. [potion of mutation]
  6233 | D:6      | Gained mutation: You passively map a small area around you. [potion of beneficial mutation]
  6282 | D:7      | Found Norchas's Armour Shoppe.
  6287 | D:7      | Bought a +2 chain mail of poison resistance for 222 gold pieces
  6344 | D:7      | Reached XP level 10. HP: 29/80 MP: 10/10
  7035 | D:7      | Reached *** piety under Yredelemnul
  8185 | D:8      | Reached XP level 11. HP: 30/86 MP: 11/11
  8433 | D:9      | Found a staircase to the Lair.
  8561 | D:9      | Found a hazy altar of Hepliaklqana.
  8582 | D:9      | Reached **** piety under Yredelemnul
  8707 | D:9      | Noticed Blank's ghost (novice MiGl)
  8749 | D:9      | Slain by Blank's ghost

Skill      XL: |  1  2  3  4  5  6  7  8  9 10 |
---------------+-------------------------------+-----
Fighting       | 4 5 6 7 8 |  8.9
Axes           | 3 4 6 7 9 |  9.3
Shields        | 5 7 9 |  9.6
Armour         | 6 9 |  9.7

Action                   |  1- 3 |  4- 6 |  7- 9 | 10-12 || total
-------------------------+-------+-------+-------+-------++-------
Melee: War axe           |    96 |    78 |   485 |   355 ||  1014
 Abil: Dig               |       |       |     1 |       ||     1
Evoke: Wand              |       |       |     3 |       ||     3
  Use: Potion            |       |     4 |     6 |     2 ||    12
       Scroll            |       |       |    16 |     2 ||    18
  Eat: Chunk             |       |     2 |    15 |     8 ||    25
       Royal jelly       |       |       |     1 |       ||     1
Armor: Scale mail        |    47 |    25 |    69 |       ||   141
       Chain mail        |       |       |   171 |   182 ||   353
       Skin              |       |       |     5 |     3 ||     8
Dodge: Dodged            |    27 |    30 |   168 |   104 ||   329
Block: Shield            |    59 |    34 |   319 |   227 ||   639
